 Dungeon Crawl Stone Soup version 0.32-a0-928-g1cae6b7ea0 (webtiles) character file.

Game seed: 7083780021969287120

93506 ragingrage the Severer (level 16, -2/163 HPs)
             Began as a Naga Gladiator on Apr 12, 2024.
             Was the Champion of Wu Jian.
             Hit by a large rock thrown by a cyclops (19 damage)
             ... on level 15 of the Dungeon on Apr 13, 2024.
             The game lasted 00:34:39 (26899 turns).

ragingrage the Severer (Naga Gladiator)            Turns: 26899, Time: 00:34:40

Health: -2/163     AC: 20    Str: 24    XL:     16   Next: 8%
Magic:  0/16       EV: 14    Int: 11    God:    Wu Jian [******]
Gold:   1222       SH:  8    Dex: 16    Spells: 15/15 levels left

rFire   x . .        q - +1 broad axe (drain)
rCold   + . .        F - +2 buckler
rNeg    . . .        Y - +1 robe of Sidwuabb {Str+2 Dex+3 Slay+3}
rPois   +            c - +2 helmet
rElec   .            G - +2 cloak
rCorr   .            A - +2 pair of gloves {Stlth+}
SInv    +            (no barding)
Will    ++...        u - amulet of guardian spirit
Stlth   ++           R - ring of ice
HPRegen 0.47/turn    g - +4 ring of protection
MPRegen 0.15/turn

%: guardian spirit
@: on fire, glowing, very slow
A: AC +5, large, see invisible, deformed body, poison resistance, slowness 2,
spit poison 1, naga tail 2
a: Spit Poison, Renounce Religion, Wall Jump, Serpent's Lash, Heavenly Storm


You were on level 15 of the Dungeon.
You worshipped Wu Jian.
Wu Jian was exalted by your worship.
You visited 3 branches of the dungeon, and saw 22 of its levels.
You also visited: Sewer.

You collected 1985 gold pieces.
You spent 763 gold pieces at shops.

Inventory:

Hand Weapons
 q - a +1 broad axe of draining (weapon)
Missiles
 a - 2 silver javelins
 d - 7 throwing nets
 e - a javelin
 n - 19 boomerangs (quivered)
 H - a curare-tipped dart
Armour
 c - a +2 helmet (worn)
 A - a +2 pair of gloves of stealth (worn)
 F - a +2 buckler (worn)
 G - a +2 cloak (worn)
 Y - the +1 robe of Sidwuabb (worn) {Str+2 Dex+3 Slay+3}
   (You took it off a centaur warrior on level 11 of the Dungeon)

   Str+2:     It affects your strength (+2).
   Dex+3:     It affects your dexterity (+3).
   Slay+3:    It affects your accuracy & damage with ranged weapons and melee
   (+3).
Jewellery
 g - a +4 ring of protection (right hand)
 i - a ring of resist corrosion
 u - an amulet of guardian spirit (around neck)
 P - a ring of positive energy
 R - a ring of ice (left hand)
Wands
 l - a wand of light (19)
 m - a wand of flame (31)
 y - a wand of paralysis (7)
 C - a wand of mindburst (39)
 E - a wand of polymorph (11)
 L - a wand of warping (7)
Scrolls
 f - 3 scrolls of poison
 h - 3 scrolls of brand weapon
 j - 3 scrolls of vulnerability
 k - 6 scrolls of teleportation
 r - 4 scrolls of fear
 s - 7 scrolls of noise
 w - 2 scrolls of summoning
 x - 5 scrolls of blinking
 D - 3 scrolls of fog
 M - 2 scrolls of identify
 Q - a scroll of torment
 S - 2 scrolls of immolation
 T - a scroll of revelation
Potions
 b - 3 potions of curing
 o - 4 potions of haste
 p - 6 potions of mutation
 t - 7 potions of brilliance
 v - 2 potions of berserk rage
 B - 2 potions of attraction
 I - 5 potions of enlightenment
 J - 2 potions of cancellation
 K - 4 potions of might
 N - a potion of heal wounds
 O - 2 potions of lignification
 U - 2 potions of invisibility
 V - a potion of ambrosia
Miscellaneous
 W - a lightning rod (4/4)
 X - a condenser vane (inert)


   Skills:
 - Level 15.0 Fighting
 - Level 18.0 Axes
 - Level 1.7 Throwing
 - Level 11.1 Dodging
 - Level 10.0 Stealth
 + Level 8.0 Shields
 - Level 9.0 Evocations
 - Level 1.0 Shapeshifting


You had 15 spell levels left.
You didn't know any spells.
Your spell library contained the following spells:

 Spells                   Type           Power      Damage    Failure   Level
 Apportation              Tloc           0%         N/A       38%         1
 Necrotise                Necr           0%         1d4       38%         1
 Shock                    Conj/Air       0%         1d3       38%         1
 Cigotuvi's Dreadful Rot  Necr/Alch/Air  0%         N/A       52%         2
 Jinxbite                 Hex            0%         N/A       52%         2
 Swiftness                Air            0%         N/A       77%         3
 Vampiric Draining        Necr           0%         2d6       77%         3
 Airstrike                Air            0%         2d(0-16)  99%         4
 Animate Dead             Necr           0%         N/A       99%         4
 Dispel Undead            Necr           0%         3d6       99%         4
 Ignite Poison            Fire/Alch      0%         N/A       99%         4
 Martyr's Knell           Necr/Summ      0%         N/A       99%         4
 Passage of Golubria      Tloc           0%         N/A       99%         4
 Alistair's Intoxication  Alch           0%         N/A       100%        5
 Borgnjor's Vile Clutch   Necr/Erth      0%         N/A       100%        5
 Curse of Agony           Necr           0%         N/A       100%        5
 Freezing Cloud           Conj/Ice/Air   0%         6-21      100%        5
 Silence                  Hex/Air        0%         N/A       100%        5
 Death Channel            Necr           0%         N/A       100%        6
 Lehudib's Crystal Spear  Conj/Erth      0%         10d2      100%        8


Dungeon Overview and Level Annotations

Branches:
Dungeon (15/15)            Temple (0/1) D:5            Lair (5/5) D:8
 Shoals (0/4) Lair:3       Spider (0/4) Lair:2        Slime (0/5) Lair:5
    Orc (2/2) D:10            Elf (0/3) Orc:2        Vaults (0/5) D:14
 Depths (0/4) D:15          Sewer (visited)

Altars:
Ashenzari
Cheibriados
Elyvilon
Fedhas
Gozag
Kikubaaqudgha
Nemelex Xobeh
Okawaru
Uskayaw
Vehumet
Wu Jian
Xom
Beogh
Jiyva

Shops:
D:1 ?   D:5 (!**   D:10 (   D:12 =   Orc:1 **   Orc:2 =*[(

Portals:
Trove: D:14 (give +2 ice dragon scales)

Annotations:
D:7 Menkaure
D:9 1 runed translucent door, Stellion's ghost, novice HuNe
D:14 1 transporter
D:15 3 runed translucent doors, Plog's ghost, adept GrBe
Lair:3 exclusion: downstairs


Innate Abilities, Weirdness & Mutations

Your serpentine skin is tough. (AC +5)
You have supernaturally acute eyesight. (SInv)
Armour fits poorly on your strangely shaped body.
Your system is resistant to poisons. (rPois)
You cover ground very slowly.
You can spit poison.
You can use your snake-like lower body to constrict enemies.


Message History

You constrict the deep elf pyromancer.
The deep elf pyromancer mumbles some strange words.
The ogre mage hits you with a +0 flail!
You slash the deep elf pyromancer! You drain the deep elf pyromancer.
You barely miss the fire elemental. You slash the ogre mage!
You constrict the deep elf pyromancer. You hit the deep elf pyromancer.
You drain the deep elf pyromancer. You slash the fire elemental!
You hit the ogre mage. You constrict the deep elf pyromancer.
The fire elemental hits you. The fire elemental burns you!
The fire burns you terribly!
* * * LOW HITPOINT WARNING * * *
The deep elf pyromancer casts a spell.
The deep elf pyromancer blinks free of you.
The deep elf pyromancer blinks free!
The ogre mage gestures at you while chanting.
You resist with almost no effort.
You hit the ogre mage. You grab the ogre mage. You slash the fire elemental!
You constrict the ogre mage.
You kill the ogre mage!
The Council accepts your kill. The fire elemental misses you.
The deep elf pyromancer casts a spell at you.
The pyre arrow hits you.
You are covered in intense liquid fire!
Your life force feels restored.
Your Shields skill increases to level 8!
You shake off some of the fire as you move.
The liquid fire burns you!
* * * LOW HITPOINT WARNING * * *
The deep elf pyromancer mumbles some strange words.
The deep elf pyromancer blinks!
The fire elemental barely misses you. x2
Items here: ) [[ †.
You shake off some of the fire as you move.
The liquid fire burns you!
* * * LOW HITPOINT WARNING * * *
The deep elf pyromancer is engulfed in blazing flames.
The deep elf pyromancer dies!
The fire elemental disappears in a puff of smoke! x2
The cyclops throws a large rock.
The large rock hits you!!
You die...

.# #.. ###.# .# #.# .. #...#
.# #.# .# #.### .# #.# ..##
#.# .#####.# .C.# #.# ....##.#
###..# #.# ....##.#########
##...## #.#
....##.....###.###)§...# #.#
....'.####.....§@§○°○.## #.#
....#.# #.......§○○.○## #.#
....#.# #.#####.###.### #.#
#####.####.## ### ### ###.####
# #(.....# ############......(
##
############..........#.#.####
.# #.......................#.#
.# #.................†)..###.#
.#
#..(........########....#.#.#


You could see a cyclops.

Vanquished Creatures
  2 orc warlords
  4 dire elephants (Lair:5)
  Harold (Orc:1)
  Fannar (D:10)
  6 hydras
  3 vault guards (D:14)
  A two-headed ogre (D:13)
  5 centaur warriors
  An ogre mage (D:15)
  A catoblepas (D:14)
  A death knight (D:13)
  3 boulder beetles
  3 death yaks (Lair:4)
  A deep troll earth mage (D:15)
  A dancing weapon (D:14)
  3 orc high priests (Orc:2)
  A spectral dire elephant (Lair:5)
  3 skysharks
  A skeletal warrior (D:13)
  A spectral anaconda (Lair:5)
  An arcanist (D:14)
  5 necromancers
  An obsidian statue (Lair:5)
  7 orc knights
  Pikel (D:5)
  4 harpies (Lair:3)
  6 orc sorcerers
  A manticore (D:15)
  4 deep elf pyromancers
  8 ugly things
  6 cyclopes
  5 black mambas
  14 elephants
  3 kobold blastminers
  3 gargoyles
  A torpor snail (Lair:4)
  4 unseen horrors
  15 cane toads
  A dire elephant skeleton (Lair:5)
  6 komodo dragons
  A rime drake (Lair:3)
  2 freezing wraiths (D:13)
  An efreet (D:14)
  A tengu conjurer (D:14)
  3 trolls
  4 polar bears (Lair:2)
  2 jumping spiders (Lair:2)
  2 hornets
  A queen bee (shapeshifter) (D:13)
  Grinder (D:4)
  3 spectral elephants (Lair:5)
  18 slime creatures
  A centaur simulacrum (D:14)
  16 blink frogs
  Sigmund (D:5)
  6 wraiths
  2 shadows
  30 yaks
  7 wyverns
  A redback (Lair:2)
  2 steam dragons
  19 humans (D:14)
  Grum (D:9)
  6 basilisks
  6 wargs
  3 death yak simulacra (Lair:5)
  5 vampire mosquitoes
  12 water moccasins
  3 black bears
  An ice beast (D:7)
  A sky beast (D:7)
  2 elephant zombies (Lair:5)
  29 orc warriors
  A laughing skull (D:15)
  3 boggarts (D:15)
  A crocodile (Sewer)
  A lemure (D:5)
  22 wolves
  2 elephant skeletons (Lair:5)
  4 ogres
  2 centaurs
  A phantom (D:6)
  6 kobold brigands
  Blork the orc (D:5)
  11 bullfrogs
  A brain worm (Sewer)
  A gnoll sergeant (D:11)
  4 killer bees (D:8)
  2 elephant simulacra (Lair:5)
  2 bombardier beetles
  2 lava snakes (D:12)
  3 hounds
  23 orc priests
  8 jellies
  Crazy Yiuf (D:5)
  A gnoll bouda (D:9)
  Terence (D:3)
  4 iguanas
  28 orc wizards
  A hell rat (D:8)
  15 gnolls
  6 adders
  4 shadow imps
  2 white imps (D:8)
  2 dart slugs
  A ribbon worm (D:2)
  71 orcs
  A ball python (D:4)
  12 endoplasms
  7 giant cockroaches
  9 goblins
  8 hobgoblins
  3 jackals (D:1)
  3 quokkas
  12 bats
  7 frilled lizards
  20 kobolds
  7 rats
659 creatures vanquished.

Vanquished Creatures (others)
  A deep elf pyromancer (D:15)
  A human (D:9)
2 creatures vanquished.

Grand Total: 661 creatures vanquished

Notes
Turn   | Place    | Note
-------+----------+-------------------------------------------
     0 | D:1      | ragingrage the Naga Gladiator began the quest for the Orb.
     0 | D:1      | Reached XP level 1. HP: 19/19 MP: 1/1
    12 | D:1      | Found Luecuc's Magic Scroll Shoppe.
   136 | D:1      | Reached skill level 1 in Stealth
   205 | D:1      | Reached XP level 2. HP: 26/26 MP: 2/2
   965 | D:2      | Reached XP level 3. HP: 32/32 MP: 3/3
  1283 | D:2      | Found a faded altar of an unknown god.
  1296 | D:2      | Prayed at the altar of an unknown god.
  1296 | D:2      | Became a worshipper of the Wu Jian Council
  1296 | D:2      | Reached * piety under Wu Jian
  1501 | D:3      | Reached skill level 4 in Axes
  1537 | D:3      | Found a radiant altar of Vehumet.
  1589 | D:3      | Reached XP level 4. HP: 39/39 MP: 4/4
  1620 | D:3      | Noticed Terence
  1633 | D:3      | Killed Terence
  1727 | D:3      | Reached skill level 5 in Axes
  1731 | D:3      | Reached XP level 5. HP: 16/45 MP: 5/5
  2312 | D:3      | Identified the serpent talisman of Oref {rC++ Stlth+}
  2385 | D:4      | Reached ** piety under Wu Jian
  2473 | D:4      | Reached skill level 6 in Axes
  2617 | D:4      | Noticed Grinder
  2632 | D:4      | Reached XP level 6. HP: 52/52 MP: 6/6
  2632 | D:4      | Paralysed by Grinder for 4 turns
  2642 | D:4      | Paralysed by Grinder for 3 turns
  2664 | D:4      | Killed Grinder
  2665 | D:4      | Reached skill level 7 in Axes
  2687 | D:4      | Reached XP level 7. HP: 29/60 MP: 7/7
  3077 | D:1      | Bought a scroll of brand weapon for 95 gold pieces
  3436 | D:4      | Reached skill level 8 in Axes
  3755 | D:5      | Entered Level 5 of the Dungeon
  3757 | D:5      | Found a staircase to the Ecumenical Temple.
  3758 | D:5      | Found Rawnubb's Assorted Antiques.
  3842 | D:5      | Found a snail-covered altar of Cheibriados.
  3864 | D:5      | Noticed Sigmund
  3872 | D:5      | Killed Sigmund
  3873 | D:5      | Reached skill level 9 in Axes
  3873 | D:5      | Reached XP level 8. HP: 62/67 MP: 8/8
  3885 | D:5      | Found Tyfankuj's General Store.
  3926 | D:5      | Noticed Pikel
  3949 | D:5      | Killed Pikel
  3950 | D:5      | Reached skill level 10 in Axes
  4097 | D:5      | Found a glowing drain.
  4114 | Sewer    | Entered a sewer
  4191 | Sewer    | Reached skill level 11 in Axes
  4354 | D:5      | Found a runed translucent door.
  4355 | D:5      | Noticed Crazy Yiuf
  4431 | D:5      | Found a blossoming altar of Fedhas.
  4440 | D:5      | Found Umeit's Distillery.
  4451 | D:5      | Reached *** piety under Wu Jian
  4452 | D:5      | Reached XP level 9. HP: 73/73 MP: 9/9
  4456 | D:5      | Bought a potion of heal wounds for 65 gold pieces
  4456 | D:5      | Bought a potion of attraction for 39 gold pieces
  4465 | D:5      | Found Lomeh's Weapon Shoppe.
  4475 | D:5      | Noticed Blork the orc
  4484 | D:5      | Killed Blork the orc
  4615 | D:5      | Found an opulent altar of Gozag.
  4993 | D:6      | Reached skill level 12 in Axes
  5118 | D:6      | Found a broken altar of Ashenzari.
  5668 | D:7      | Noticed a gargoyle
  5682 | D:7      | Reached skill level 13 in Axes
  5909 | D:7      | Killed a gargoyle
  5910 | D:7      | Reached XP level 10. HP: 25/80 MP: 10/10
  6137 | D:7      | Found a sparkling altar of Nemelex Xobeh.
  6137 | D:7      | Found an iron altar of Okawaru.
  6231 | D:7      | Reached skill level 14 in Axes
  6346 | D:7      | Reached **** piety under Wu Jian
  6880 | D:7      | HP: 4/84 [yak (8)]
  6881 | D:7      | Reached skill level 5 in Stealth
  7157 | D:7      | Noticed Menkaure
  8063 | D:8      | Found a staircase to the Lair.
  9112 | D:9      | Reached skill level 5 in Fighting
  9127 | D:9      | Found a white marble altar of Elyvilon.
  9222 | D:9      | Found a hide-covered altar of Uskayaw.
  9407 | D:9      | Noticed Grum
  9416 | D:9      | Reached XP level 11. HP: 93/96 MP: 11/11
  9419 | D:9      | Killed Grum
  9518 | D:9      | Found a runed translucent door.
  9524 | D:9      | Noticed Stellion's ghost (novice HuNe)
  9556 | D:9      | Found an ancient bone altar of Kikubaaqudgha.
  9684 | D:9      | Reached skill level 15 in Axes
 10183 | D:10     | Entered Level 10 of the Dungeon
 10563 | D:10     | Found an ornate altar of the Wu Jian Council.
 10592 | D:10     | Found a staircase to the Orcish Mines.
 10631 | D:10     | Found a shimmering altar of Xom.
 10824 | D:10     | Found Ricreci's Weapon Shoppe.
 10883 | D:10     | Bought a +0 broad axe for 44 gold pieces
 10985 | D:5      | Bought a scroll labelled QEGILE WOPNU for 24 gold pieces
 10985 | D:5      | Bought a scroll labelled WYRAOMEHAP for 24 gold pieces
 11028 | D:5      | Killed Crazy Yiuf
 11590 | D:11     | You fall into a shaft and drop 3 floors!
 11619 | D:13     | Noticed a deep elf pyromancer
 12210 | D:13     | Killed a deep elf pyromancer
 12296 | D:12     | Found a frozen archway.
 12368 | D:11     | Noticed a cyclops
 12384 | D:11     | Killed a cyclops
 12409 | D:11     | Noticed a brown ugly thing
 12501 | Lair:1   | Entered Level 1 of the Lair of Beasts
 12797 | Lair:1   | Reached skill level 5 in Dodging
 12922 | Lair:1   | Reached skill level 16 in Axes
 12922 | Lair:1   | Reached XP level 12. HP: 87/112 MP: 12/12
 13791 | Lair:2   | Found a hole to the Spider Nest.
 14162 | Lair:2   | Noticed a boulder beetle
 14175 | Lair:2   | Killed a boulder beetle
 14262 | Lair:2   | Noticed a skyshark
 14288 | Lair:2   | Reached ***** piety under Wu Jian
 14656 | Lair:3   | Noticed a boulder beetle
 14666 | Lair:3   | Killed a boulder beetle
 14892 | Lair:3   | Reached skill level 10 in Fighting
 15171 | Lair:3   | Noticed a skyshark
 15177 | Lair:3   | Killed a skyshark
 15233 | Lair:3   | Reached skill level 17 in Axes
 15233 | Lair:3   | Gained mutation: You can use your snake-like lower body to
                  | constrict enemies. [Naga growth]
 15233 | Lair:3   | Reached XP level 13. HP: 108/123 MP: 13/13
 15450 | Lair:3   | Reached skill level 10 in Dodging
 15479 | Lair:3   | Found a staircase to the Shoals.
 16118 | Lair:4   | Reached skill level 18 in Axes
 16201 | Lair:4   | Reached skill level 1 in Evocations
 17236 | Lair:5   | Entered Level 5 of the Lair of Beasts
 17282 | Lair:5   | Noticed a dire elephant
 17282 | Lair:5   | Noticed a dire elephant
 17283 | Lair:5   | Noticed a dire elephant
 17834 | D:11     | Reached XP level 14. HP: 121/133 MP: 14/14
 17957 | D:11     | Identified the +1 robe of Sidwuabb {Str+2 Dex+3 Slay+3}
 17968 | D:11     | Reached skill level 10 in Stealth
 17991 | D:11     | Identified the +4 dagger of Muudiaff {flame, Will+}
 18436 | Lair:5   | Found a staircase to the Slime Pits.
 18445 | Lair:5   | Found a viscous altar of Jiyva.
 18484 | Lair:5   | Reached skill level 5 in Evocations
 18660 | Lair:5   | Identified the +1 chain mail "Ecisseuji" {+Blink rN+ Will+}
 19127 | Lair:5   | Killed a dire elephant
 19499 | Lair:5   | Killed a dire elephant
 19529 | Lair:5   | Killed a dire elephant
 19893 | Lair:5   | Identified the +10 glaive of Deflation {protect, rF+
                  | Stlth+}
 19947 | Lair:5   | Noticed a dire elephant
 19959 | Lair:5   | Killed a dire elephant
 19967 | Lair:5   | Reached ****** piety under Wu Jian
 20539 | Orc:1    | Entered Level 1 of the Orcish Mines
 20545 | Orc:1    | Noticed Fannar
 20545 | Orc:1    | Noticed an orc warlord
 20553 | Orc:1    | Noticed Harold
 20686 | D:10     | Killed an orc warlord
 20695 | D:10     | Killed Fannar
 21022 | Orc:1    | Killed Harold
 21284 | Orc:2    | Entered Level 2 of the Orcish Mines
 21284 | Orc:2    | Found a staircase to the Elven Halls.
 21489 | Orc:2    | Found a roughly hewn altar of Beogh.
 21948 | Orc:2    | Reached XP level 15. HP: 125/147 MP: 15/15
 22234 | Orc:1    | Found Loemat's General Store.
 22236 | Orc:1    | Found Gehoacea's Specific Store.
 22244 | Orc:1    | Bought a potion of cancellation for 112 gold pieces
 22570 | Orc:2    | Noticed an orc warlord
 22589 | Orc:1    | Killed an orc warlord
 23273 | Orc:2    | Found Dethruesy's General Store.
 23273 | Orc:2    | Found Sapsurit's Jewellery Shoppe.
 23274 | Orc:2    | Found Sosit's Antique Armour Emporium.
 23274 | Orc:2    | Found Pusk's Antique Weapon Emporium.
 23291 | Orc:2    | Bought an amulet of guardian spirit for 360 gold pieces
 23763 | D:12     | Found Owneruis's Jewellery Boutique.
 24241 | D:13     | Reached skill level 1 in Shapeshifting
 24424 | D:13     | Reached skill level 1 in Shields
 25048 | D:14     | Found a portal to a secret trove of treasure.
 25281 | D:14     | Reached skill level 15 in Fighting
 25349 | D:14     | Found a transporter.
 25356 | D:14     | Found a radiant altar of Vehumet.
 25793 | D:14     | Reached skill level 5 in Shields
 26002 | D:14     | Found a gate to the Vaults.
 26386 | D:15     | Entered Level 15 of the Dungeon
 26552 | D:15     | Identified the +10 sling "Ogunlu Ocra" {freeze, Stlth+}
 26579 | D:15     | Reached XP level 16. HP: 163/163 MP: 16/16
 26734 | D:15     | Found a runed translucent gate.
 26734 | D:15     | Found a runed translucent gate.
 26734 | D:15     | Noticed Plog's ghost (adept GrBe)
 26735 | D:15     | Found a runed translucent gate.
 26876 | D:15     | Found a staircase to the Depths.
 26899 | D:15     | Hit by a large rock thrown by a cyclops

Illustrated notes

Levels and vault maps discovered:
D:1:      saegor_arrival_simple_b, layout_basic, serial_shops, shop
D:2:      layout_loops_ring, dilly_ecumenical_altar_fadedgnrine
D:3:      layout_rooms, mainiacjoe_overflow_small_starburst,
          nicolae_figureground_sparkle, uniq_terence
D:4:      layout_loops_corners, uniq_grinder
D:5:      layout_rooms, lemuel_crystal_altar, nicolae_overflow_squiral,
          minmay_temple_entry_junction_2, gup_sewer_entry_pipe, serial_shops,
          kennysheep_mini, nicolae_shop_stone, kennysheep_mini_moat, shop,
          uniq_pikel, uniq_crazy_yiuf_cottage, uniq_blork_the_orc, uniq_sigmund
D:6:      layout_cave_pools, mainiacjoe_overflow_brackets
D:7:      layout_basic, mainiacjoe_overflow_divided_tiny,
          minmay_manual_monstrance, uniq_menkaure
D:8:      layout_basic, dpeg_lair_monsters
D:9:      layout_loops_corners, nicolae_uskayaw_dance_hall, elyvilon_altar_5,
          tgw_kikubaaqudgha, hellmonk_ghost_big_iron, serial_bayou_pond_a,
          uniq_grum
D:10:     layout_roguey, mainiacjoe_overflow_alcove_1,
          nicolae_overflow_crystal_walls, orc_0_dummy, serial_shops, shop
D:11:     minmay_the_grid_octo_2x2 [minmay_the_grid_octo_clover_2,
          minmay_the_grid_octo_fat_diamond, minmay_the_grid_octo_odd_swirl,
          minmay_the_grid_octo_prize_single_spiral], layout_rooms
D:12:     layout_big_octagon, portal_ice_cave_entry_pillars_1,
          nicolae_inconvenience_store
D:13:     layout_basic
D:14:     gammafunk_sealed_library, layout_loops_corners,
          grunt_vaults_entry_tiered, minmay_staircase_statues_hall_small,
          enter_trove_2, nrook_mini_vaults, corexii_leaking_fountain,
          hellmonk_talismancer
D:15:     hellmonk_depths_entry_around_the_bend, layout_basic,
          ebering_ghost_rock_garden, moated_statue
Lair:1:   layout_big_grid, gauntlet_entry_generic
Lair:2:   layout_hall_layers, spider_nest_entry_a,
          chequers_serial_rivers_micro_a, cheibrodos_lair_lostbears
Lair:3:   layout_regular_city, nicolae_shoals_entry_roost
Lair:4:   layout_gridlike
Lair:5:   due_jungle_book, layout_loops_ring, nicolae_slime_entry_field_trip
Orc:1:    layout_caves, nicolae_specific_store, uniq_harold, uniq_fannar
Orc:2:    st_orc_congregation, layout_caves, lemuel_statue_altar

Skill      XL: |  1  2  3  4  5  6  7  8  9 10 11 12 13 14 15 16 |
---------------+-------------------------------------------------+-----
Stealth        | 1 2 3 7 9 10 | 10.0
Axes           | 4 5 6 7 9 11 13 14 16 17 18 | 18.0
Fighting       | 5 8 10 13 15 | 15.0
Dodging        | 5 9 11 | 11.1
Evocations     | 3 9 |  9.0
Shapeshifting  | 1 |  1.0
Shields        | 7 8 |  8.0
Throwing       | |  1.7

Action                     |  1- 3 |  4- 6 |  7- 9 | 10-12 | 13-15 | 16-18 || total
---------------------------+-------+-------+-------+-------+-------+-------++-------
  Melee: War axe           |    86 |    75 |   210 |   400 |       |       ||   771
         Unarmed           |       |    16 |       |       |       |       ||    16
         Broad axe         |       |       |       |   270 |   663 |    25 ||   958
         Constrict         |       |       |       |       |   176 |     7 ||   183
         Battleaxe         |       |       |       |       |   219 |       ||   219
  Throw: Throwing net      |       |     1 |     1 |     1 |     2 |       ||     5
         Boomerang         |       |     2 |       |    17 |       |       ||    19
         Javelin           |       |     1 |       |       |       |       ||     1
         Dart              |       |       |       |       |     8 |       ||     8
 Invoke: Serpent's Lash    |       |       |       |     2 |       |       ||     2
Ability: Spit Poison       |    17 |    16 |    27 |    53 |    18 |       ||   131
         Lunge             |     2 |     7 |    28 |    35 |    43 |     2 ||   117
         Whirlwind         |       |     1 |     4 |     7 |    26 |       ||    38
  Evoke: Wand              |       |       |     8 |     1 |     1 |       ||    10
         Condenser vane    |       |       |       |       |     1 |       ||     1
    Use: Scroll            |       |     6 |     4 |    16 |    11 |       ||    37
         Potion            |       |     2 |       |     3 |     2 |       ||     7
   Stab: Sleeping          |     1 |     1 |     2 |     4 |    14 |     1 ||    23
         Held in net/web   |       |       |     1 |       |     1 |       ||     2
         Paralysed         |       |       |     5 |     3 |     3 |       ||    11
         Distracted        |       |       |       |       |     3 |       ||     3
 Armour: Leather armour    |    16 |       |       |       |       |       ||    16
         Ring mail         |    58 |    25 |       |       |       |       ||    83
         Chain mail        |       |    49 |    36 |       |       |       ||    85
         Skin              |       |    15 |       |       |       |       ||    15
         Robe              |       |       |   108 |   490 |   600 |    20 ||  1218
         Scale mail        |       |       |       |       |     4 |       ||     4
  Dodge: Dodged            |    50 |    30 |    71 |   266 |   436 |     8 ||   861
  Block: Buckler           |       |       |       |       |    16 |     7 ||    23

Table legend: (Time is in decaauts)
 A = Elapsed time spent in this place.
 B = Non-inter-level travel time spent in this place.
 C = Inter-level travel time spent in this place.
 D = Time resting spent in this place.
 E = Time spent auto-exploring this place.
 F = Levels seen in this place.
 G = Mean time per level.
                   A        B        C        D        E       F      G
               +--------+--------+--------+--------+--------+-----+--------+
         Total |  32539 |  29424 |   3115 |   6245 |  17819 |  23 | 1414.7 |
       Dungeon |  21279 |  19004 |   2275 |   3469 |  12144 |  15 | 1418.6 |
          Lair |   8316 |   7678 |    638 |   1839 |   4353 |   5 | 1663.2 |
  Orcish Mines |   2799 |   2598 |    201 |    937 |   1245 |   2 | 1399.5 |
         Sewer |    144 |    144 |      0 |      0 |     76 |   1 |  144.0 |
               +--------+--------+--------+--------+--------+-----+--------+

Top non-repeatable levels by time:
  Lair:5: 2522 daAuts
     D:8: 2323 daAuts
    D:14: 1987 daAuts
     D:9: 1833 daAuts
    D:10: 1772 daAuts
  Lair:3: 1697 daAuts
   Orc:1: 1668 daAuts
     D:4: 1652 daAuts
  Lair:4: 1612 daAuts
     D:7: 1531 daAuts
     D:5: 1443 daAuts
  Lair:1: 1355 daAuts
     D:1: 1337 daAuts
    D:11: 1277 daAuts
     D:6: 1256 daAuts
